AoeStats
← LM | TornardoBriese

Arena

507592094Analyzed
1v1 RM · 14d ago on Sep 18, 2026· 31m 12s· 2 players
Game mode
Random Map
Map size
Tiny (2 player)
Population
200
Speed
Normal
Resources
Standard
Victory
Conquest
Starting age
Dark Age
Ending age
Imperial Age
RankedLock teamsTeams togetherTeam positionsShared explorationLock speedFull tech treeHidden civsTurbo modeCheats
Victory
Defeat
🇨🇭 Japanese · Switzerland
1121
+14
🇹🇷 Burgundians · Türkiye
1084
-14
LM | TornardoBriese
11:15 Feudal Age
15:24 Castle Age
13:36 Double-Bit Axe
13:37 Horse Collar
16:33 Bow Saw
16:50 Scale Mail Armor
21:11 Chain Mail Armor
24:02 Arson
27:43 Heavy Plow
27:56 Loom
32:23 Wheelbarrow
KoşanKablumbağa
5:25 Double-Bit Axe
7:05 Horse Collar
12:53 Feudal Age
14:09 Bow Saw
16:38 Castle Age
14:59 Heavy Plow
18:55 Two-Man Saw
18:25 Crop Rotation
22:25 Loom
Connection lost

Rejoining the realm…

Still unreachable

The connection could not be restored.

Session expired

The server has moved on; the page needs a fresh start.